Map: Port Aleksander LE

Players

Odin

  • Race: Protoss Protoss
  • League: Gold
  • Spawn Location: 5:00

keyser - Winner!

  • Race: Terran Terran
  • League: Gold
  • Spawn Location: 11:00

VOD

Have the link to the VOD?

Description

Time

  • Played on: Dec. 7, 2018, 3:26 a.m.
  • Length: 13:43
Show
View Real Time Build Order
Export as new Build Order

Odin Protoss 

Build Orders:  

Get SALT Encoding   

  12  0:12  Probe  
  13  0:18  Pylon  
  13  0:37  Probe  
  14  0:49  Forge  
  14  1:04  Probe  
  14  1:08  Pylon  
  15  1:13  Gateway  
  15  1:27  Photon Cannon  
  15  1:37  Photon Cannon  
  15  1:40  Pylon  
  15  1:48  Probe  
  15  1:51  Assimilator  
  15  2:21  Photon Cannon  
  15  2:50  Probe  
  15  3:02  Cybernetics Core  
  15  3:07  Gateway  
  15  3:11  Nexus  
  15  3:13  Probe  
  16  3:22  Probe  
  17  3:35  Pylon  
  17  3:41  Warp Gate  
  17  3:46  Probe  
  18  3:52  Pylon  
  18  3:54  Assimilator  
  18  3:58  Probe  
  19  4:10  Probe  
  20  4:18  Adept x2  
  20  4:22  Probe  
  25  4:32  Robotics Facility  
  25  4:34  Probe  
  25  4:36  Probe  
  27  4:49  Probe  
  28  4:55  Probe  
  29  5:01  Probe  
  30  5:07  Probe  
  30  5:13  Probe  
  32  5:18  Photon Cannon  
  32  5:19  Probe, Shield Battery  
  33  5:25  Probe  
  34  5:31  Probe  
  35  5:37  Probe  
  35  5:41  Immortal  
  40  5:43  Probe  
  40  5:49  Probe  
  42  5:55  Probe  
  43  6:01  Probe  
  44  6:08  Probe  
  45  6:13  Probe  
  45  6:16  Stalker x2  
  50  6:20  Probe  
  51  6:27  Shield Battery  
  51  6:29  Immortal, Shield Battery  
  51  6:32  Pylon  
  53  6:33  Pylon  
  51  7:07  Warp Prism  
  53  7:12  Stalker  
  53  7:13  Stalker  
  46  7:53  Stalker  
  46  7:54  Stalker  
  48  8:18  Gateway x2  
  48  8:20  Gateway  
  48  8:21  Immortal  
  46  8:28  Stalker x2  
  54  8:35  Gateway  
  54  8:37  Gateway  
  54  8:39  Gateway  
  44  9:15  Shield Battery  
  43  9:18  Shield Battery  
  39  9:33  Stalker x3  
  45  9:55  Pylon  
  45  10:00  Pylon x2  
  45  10:02  Pylon x2  
  45  10:06  Gateway  
  45  10:12  Pylon  
  45  10:18  Probe, Immortal  
  48  10:33  Stalker x4  
  56  10:49  Stalker  
  58  11:05  Stalker x5  
  58  11:08  Immortal  
  64  11:59  Stalker x4  
  70  12:05  Nexus  
  62  12:25  Stalker  
  62  12:26  Stalker x3  
  70  12:33  Pylon  
  70  12:34  Pylon  
  70  12:46  Immortal  
  74  13:16  Robotics Bay  
  74  13:26  Pylon  
  74  13:39  Shield Battery  
Show
View Real Time Build Order
Export as new Build Order

keyser Terran - Winner!

Build Orders:  

Get SALT Encoding   

  12  0:01  SCV  
  13  0:16  Supply Depot  
  13  0:18  SCV  
  14  0:30  SCV  
  15  0:39  Barracks  
  15  0:43  Refinery  
  15  0:46  SCV  
  16  0:56  Supply Depot  
  16  1:09  SCV  
  17  1:32  Bunker  
  17  1:34  Marine, Barracks  
  18  2:00  Marine  
  19  2:14  Factory  
  19  2:17  Marine  
  19  2:32  Marine  
  21  3:00  Starport  
  21  3:03  Marine  
  21  3:04  Factory Tech Lab  
  22  3:07  Barracks Tech Lab  
  22  3:08  Barracks  
  20  3:36  Barracks Tech Lab  
  20  3:38  Marauder  
  22  3:50  Orbital Command  
  22  4:01  Starport Tech Lab  
  21  4:09  Siege Tank  
  24  4:17  Refinery  
  24  4:35  SCV  
  24  4:37  Barracks Tech Lab  
  25  4:56  Marauder  
  25  4:57  Marauder x2  
  31  5:30  Marauder x2, Viking  
  31  5:31  Supply Depot  
  31  5:33  Supply Depot  
  31  5:35  Marauder  
  39  5:53  Marine, Marauder  
  39  5:56  Marine  
  43  6:00  Medivac  
  45  6:11  Marine  
  43  6:12  Concussive Shells  
  43  6:13  Marine  
  44  6:40  Marine x3  
  45  6:58  Marine x3, Siege Tank  
  47  7:15  Marine  
  47  7:18  Marauder x2  
  48  7:33  Marine  
  45  7:39  Marine x2  
  38  7:51  Marine  
  39  8:03  Medivac  
  40  8:11  Marine x3  
  41  8:28  Marine  
  41  8:29  Marine x2  
  44  8:36  Siege Tank  
  44  9:08  Siege Tank  
  47  9:14  Marine x3  
  50  9:32  Marine x3  
  53  9:50  Marine x2  
  55  9:57  Supply Depot  
  55  10:02  Liberator  
  55  10:19  Marauder x2  
  62  10:40  Marine  
  63  10:57  Supply Depot  
  63  10:58  Supply Depot  
  63  11:00  Supply Depot  
  63  11:02  Marine x2, Supply Depot  
  63  11:03  Marauder  
  67  11:20  Marine x2, Combat Shield, Stimpack  
  67  11:24  Marine  
  66  11:34  Medivac  
  66  11:38  Marine x2  
  70  11:42  Marine  
  67  11:56  Marine  
  67  12:06  Marauder x2  
  71  12:11  Liberator  
  71  12:14  Marauder  
  61  12:27  Marine x2  
  64  12:35  Marine  
  65  12:45  Marine x2  
  66  13:16  Ghost Academy  
Tags
 
Add a new tag
Caveats
  • Supply blocks, unpowered buildings, or Contaminate may cause inaccurate times.
  • Supply counts are checked every 10 seconds.